 Dungeon Crawl Stone Soup version 0.25-a0-875-geaba134f46 (webtiles) character file.

Game seed: 6599102431410912471, levelgen mode: classic

63 EnegeticOcto the Shield-Bearer (level 4, -6/31 HPs)
             Began as an Octopode Fighter on May 1, 2020.
             Mangled by a gnoll
             ... wielding a +3 halberd
              (14 damage)
             ... on level 2 of the Dungeon.
             The game lasted 00:00:40 (2027 turns).

EnegeticOcto the Shield-Bearer (Octopode Fighter)   Turns: 2027, Time: 00:00:41

Health: -6/31      AC:  1    Str: 16    XL:     4   Next: 10%
Magic:  13/13      EV: 11    Int: 10    God:
Gold:   83         SH:  9    Dex: 11    Spells: 3/3 levels left

rFire    . . .     SeeInvis .   a - +0 rapier
rCold    . . .     Gourm    .   b - +0 kite shield
rNeg     . . .     Faith    .   (helmet restricted)
rPois    .         Spirit   .   (no amulet)
rElec    .         Reflect  .   g - ring of magical power
rCorr    .         Harm     .   (no ring)
MR       .....                  (no ring)
Stlth    ++........             (no ring)
HPRegen  0.10/turn              (no ring)
MPRegen  0.13/turn              (no ring)
                                (no ring)
                                (no ring)

@: no status effects
A: almost no armour, stealthy swim, amphibious, 8 rings, constrict 8, camouflage
1, gelatinous body 1
a: no special abilities


You were on level 2 of the Dungeon.
You were not hungry.

You visited 1 branch of the dungeon, and saw 2 of its levels.

You collected 83 gold pieces.

Inventory:

Hand Weapons
 a - a +0 rapier (weapon)
Armour
 b - a +0 kite shield (worn)
Jewellery
 g - a ring of magical power (left tentacle)
Scrolls
 c - 2 scrolls of identify {unknown}
 h - a scroll of blinking {unknown}
 i - a scroll of enchant weapon {unknown}
 l - a scroll of teleportation {unknown}
Potions
 d - a potion of lignification {unknown}
 f - a potion of heal wounds {unknown}
 k - a potion of might {@q3}
Comestibles
 e - 6 rations


   Skills:
 + Level 3.5 Fighting
 * Level 3.2 Short Blades
 - Level 3.0 Dodging
 + Level 3.5 Shields


You had 3 spell levels left.
You didn't know any spells.
Your spell library was empty.

Dungeon Overview and Level Annotations

Branches:
Dungeon (2/15)

Altars:


Innate Abilities, Weirdness & Mutations

You cannot wear most types of armour.
You are very stealthy in the water. (Stealth+)
You are amphibious.
You can wear up to eight rings at the same time.
You can use your tentacles to constrict eight enemies at once.
Your skin changes colour to match your surroundings (Stealth+).
Your rubbery body absorbs attacks. (AC +1, EV +1)


Message History

No target in view!
No target in view!
Things that are here:
a +0 club; a hobgoblin corpse You butcher the hobgoblin corpse.
j - 4 chunks of flesh (gained 3)
Things that are here:
a +0 club; a hobgoblin skeleton
Things that are here:
a +0 club; a hobgoblin skeleton
Found a club.
Found a stone staircase leading up.
e - 4 rations (gained 1)
A goblin comes into view. It is wielding a +0 spear.
The goblin shouts!
The goblin moves out of view.
No target in view!
No target in view!
No target in view!
No target in view!
No target in view!
No target in view!
No target in view!
No target in view!
No target in view!
No target in view!
The goblin is too close now for your liking.
A goblin is nearby!
A goblin is nearby!
A goblin is nearby!
A goblin is nearby!
A goblin is nearby!
You block the goblin's attack. The goblin barely misses you.
You hit the goblin.
You kill the goblin!
No target in view!
No target in view!
No target in view!
No target in view!
No target in view!
Things that are here:
a +0 spear; a +0 leather armour
e - 5 rations (gained 1)
There is an open door here.
e - 6 rations (gained 1)
Things that are here:
a +0 club; a hobgoblin skeleton Some of the chunks of flesh in your inventory have rotted away.
You see here a chain mail.
You open the door.
There is an open door here.
There is an open door here.
You see here a club.
You see here a mace.
You see here a mace.
You see here a club.
All of the chunks of flesh in your inventory have rotted away.
A gnoll comes into view. It is wielding a +0 club.
A gnoll is nearby!
A gnoll is nearby!
A gnoll is nearby!
A gnoll comes into view. It is wielding a +3 halberd.
The gnoll shouts!
Found 10 gold pieces.
A gnoll comes into view.
You block the gnoll's attack.
You hit the gnoll but do no damage. You grab the gnoll.
You squeeze the gnoll, but do no damage.
You constrict the gnoll. The gnoll hits you but does no damage.
You block the gnoll's attack.
You hit the gnoll.
The gnoll is moderately wounded.
You constrict the gnoll, but do no damage.
The gnoll closely misses you.
You hit the gnoll.
The gnoll is heavily wounded.
You constrict the gnoll.
The gnoll hits you from afar with a +3 halberd!
The gnoll hits you with a +0 club!
* * * LOW HITPOINT WARNING * * *
You are too injured to fight recklessly!
You are too injured to fight recklessly!
There are monsters nearby!
There are monsters nearby!
There are monsters nearby!
There are monsters nearby!
There are monsters nearby!
You are too injured to fight recklessly!
You are too injured to fight recklessly!
You are too injured to fight recklessly!
You are too injured to fight recklessly!
You hit the gnoll.
The gnoll is almost dead.
You constrict the gnoll.
You kill the gnoll!
You have reached level 4!
The gnoll closely misses you. The gnoll hits you with a +3 halberd!
You die...

#.......##### ####.####
#.# #.## #..## #...# #
#. ##..######
##...##########.......#.
.....gg@..............'.
##$..########.........#.
#. #.........##
#.........## ###.......#
#.......# ####.#### #.#
#.#


You could see 2 gnolls.

Vanquished Creatures
  An adder (D:2)
  2 gnolls
  2 dart slugs (D:1)
  2 giant cockroaches (D:1)
  9 goblins
  4 hobgoblins
  2 kobolds (D:1)
  6 bats
  A rat (D:1)
29 creatures vanquished.

Notes
Turn   | Place    | Note
-------+----------+-------------------------------------------
     0 | D:1      | EnegeticOcto the Octopode Fighter began the quest for the
                  | Orb.
     0 | D:1      | Reached XP level 1. HP: 16/16 MP: 1/1
   246 | D:1      | Reached XP level 2. HP: 21/21 MP: 2/2
   644 | D:1      | Reached XP level 3. HP: 25/26 MP: 3/3
  2026 | D:2      | Reached XP level 4. HP: 8/31 MP: 4/4
  2027 | D:2      | Mangled by a gnoll

Levels and vault maps discovered:
D:1:      matt_arrival_los_fun, layout_basic
D:2:      layout_loops_corners, okawaru_ov_weapons_minmay

Skill      XL: |  1  2  3 |
---------------+----------+-----
Short Blades   | 3 |  3.2
Fighting       | |  3.5
Dodging        | |  3.0
Shields        | |  3.5

Action                   |  1- 3 |  4- 6 || total
-------------------------+-------+-------++-------
Melee: Rapier            |    50 |       ||    50
       Constrict         |    14 |       ||    14
       Tentacles         |     8 |       ||     8
 Stab: Sleeping          |     7 |       ||     7
  Eat: Ration            |     2 |       ||     2
Armor: Skin              |     6 |       ||     6
Dodge: Dodged            |    14 |     1 ||    15
Block: Kite shield       |    20 |       ||    20

Table legend:
 A = Non-vault XP
 B = Vault XP
 C = Vault XP percentage of total XP
 D = Non-vault monster count
 E = Vault monster count
 F = Vault count percentage of total count
                 A         B        C        D         E       F
            +---------+---------+-------+---------+---------+-------
      Total |      91 |       0 |   0.0 |      29 |       0 |   0.0
            +---------+---------+-------+---------+---------+-------
        D:1 |      52 |       0 |   0.0 |      21 |       0 |   0.0
        D:2 |      39 |       0 |   0.0 |       8 |       0 |   0.0
            +---------+---------+-------+---------+---------+-------
